 Dungeon Crawl Stone Soup version 0.32-a0-473-gd044c6f0f0 (webtiles) character file.

Game seed: 10299367852973205987

2 Esekla the Sneak (level 1, -2/16 HPs)
             Began as an Octopode Delver on Feb 25, 2024.
             Was an Initiate of Gozag.
             Killed from afar by an orc wizard (6 damage)
             ... with a magic dart
             ... on level 5 of the Dungeon.
             The game lasted 00:01:44 (85 turns).

Esekla the Sneak (Octopode Delver)                    Turns: 85, Time: 00:01:45

Health: -2/16      AC:  1    Str: 11    XL:     1   Next: 30%
Magic:  1/1        EV: 13    Int: 12    God:    Gozag
Gold:   15         SH:  0    Dex: 13    Spells: 0/0 levels left

rFire   . . .        a - +0 falchion
rCold   . . .        (no shield)
rNeg    . . .        (helmet restricted)
rPois   .            (no amulet)
rElec   .            (no ring)
rCorr   .            (no ring)
SInv    .            (no ring)
Will    .....        (no ring)
Stlth   ++           (no ring)
HPRegen 0.22/turn    (no ring)
MPRegen 0.07/turn    (no ring)
                     (no ring)

%: no passive effects
@: confused
A: almost no armour, amphibious, 8 rings, camouflage 1, gelatinous body 1,
(nimble swimmer 1), tentacles
a: Renounce Religion, Potion Petition, Call Merchant, Bribe Branch


You were on level 5 of the Dungeon.
You worshipped Gozag.
Gozag was noncommittal.
You visited 2 branches of the dungeon, and saw 2 of its levels.

You collected 18 gold pieces.
You paid 3 gold pieces to Gozag.

Inventory:

Hand Weapons
 a - a +0 falchion (weapon)
Wands
 f - a wand of digging (3)
Scrolls
 b - a scroll of fog
 c - a scroll of revelation
 d - a scroll of fear
 g - a scroll of teleportation {unknown}
Potions
 e - a potion of haste


   Skills:
 * Level 3.0 Fighting
 + Level 2.0 Long Blades
 * Level 2.2 Dodging
 + Level 6.6 Stealth


You couldn't memorise any spells.
You didn't know any spells.
Your spell library contained the following spells:

 Spells                   Type           Power      Damage    Failure   Level
 Ozocubu's Armour         Ice            0%         N/A       69%         3
 Metabolic Englaciation   Hex/Ice        0%         N/A       100%        5
 Sculpt Simulacrum        Ice/Alch       0%         N/A       100%        6


Dungeon Overview and Level Annotations

Branches:
Dungeon (5/15)             Temple (1/1) D:5

Altars:
Ashenzari
Elyvilon
Fedhas
Gozag
Hepliaklqana
Kikubaaqudgha
Makhleb
Nemelex Xobeh
Ru
Trog
Uskayaw
Wu Jian
Xom
Yredelemnul
Zin


Innate Abilities, Weirdness & Mutations

You cannot wear most types of armour.
You are amphibious.
You can wear up to eight rings at the same time.
Your skin changes colour to match your surroundings (Stealth+).
Your rubbery body absorbs attacks. (AC +1, EV +1)
((You are camouflaged when in or above water. (Stealth+)))
You have tentacles for arms and can constrict up to eight enemies at once.


Message History

The orc wizard casts a spell at you.
You are confused.
Okay, then.
Unknown command.
You hit the orc wizard.
The orc wizard is severely wounded.
The orc wizard barely misses you.
The orc wizard hits you with a +0 dagger.
You miss the orc wizard. Your squeeze misses the orc wizard.
The orc wizard is severely wounded.
The orc wizard closely misses you.
You bump into the stone wall.
The orc wizard casts a spell at you.
You are more confused.
You hit the orc wizard.
The orc wizard is almost dead.
The orc wizard gestures at you while chanting.
You are more confused.
The orc wizard hits you with a +0 dagger.
There is a staircase to the Ecumenical Temple, spattered with blood here.
You closely miss the orc wizard. Your squeeze misses the orc wizard.
The orc wizard is almost dead.
The orc wizard mumbles some strange words.
The orc wizard flickers and vanishes!
Deactivating autopickup; reactivate with Ctrl-A.
Something hits you.
You barely miss something. Your squeeze misses something. Something hits you.
You bump into the stone wall.
Something hits you. Something hits you. Something hits you.
* * * LOW HITPOINT WARNING * * *
Okay, then.
You are too confused!
Unknown command.
You bump into the stone wall.
You hear some strange, mumbled words.
A magic dart appears from out of thin air!
The magic dart hits you.
You die...
Your body crumbles into a pile of gold.

#..o.....o..
#.#{........
...o....... #..<...
.## # #.....# ....#
#...#.# ##.#.#
#.#...###P.P.#
###...#..###.## #
####.....##.P#.{@#P##
.>##.###.##....>....#
.....#
..###P#...#P..#
...### ###
####.###..# .... P.P.
..# ##### ##...# .#
##### #


There were no monsters in sight!

Vanquished Creatures
  An orc (Temple)
1 creature vanquished.

Notes
Turn   | Place    | Note
-------+----------+-------------------------------------------
     0 | D:5      | Esekla the Octopode Delver began the quest for the Orb.
     0 | D:5      | Reached XP level 1. HP: 16/16 MP: 1/1
     9 | D:5      | Noticed an orc wizard
    12 | D:5      | Found a staircase to the Ecumenical Temple.
    20 | Temple   | Entered the Ecumenical Temple
    27 | Temple   | Became a worshipper of Gozag Ym Sagoz the Greedy
    85 | D:5      | Killed from afar by an orc wizard

Illustrated notes

Levels and vault maps discovered:
D:5:      dreamdust_elfheim, layout_basic, lemuel_doored_altar,
          grunt_temple_overflow_diamond, minmay_temple_entry_gardened_gates,
          gammafunk_ghost_nasty_kobolds, grunt_decor_resistance
Temple:   nicolae_temple_no_exploring_needed

Action                     || total
---------------------------++-------
  Melee: Falchion          ||    13
         Tentacles         ||     2
         Constrict         ||     1
 Armour: Skin              ||    11
  Dodge: Dodged            ||     8

Table legend: (Time is in decaauts)
 A = Elapsed time spent in this place.
 B = Non-inter-level travel time spent in this place.
 C = Inter-level travel time spent in this place.
 D = Time resting spent in this place.
 E = Time spent auto-exploring this place.
 F = Levels seen in this place.
 G = Mean time per level.
                   A        B        C        D        E       F      G
               +--------+--------+--------+--------+--------+-----+--------+
         Total |     88 |     88 |      0 |     19 |      0 |   2 |   44.0 |
       Dungeon |     44 |     44 |      0 |      0 |      0 |   1 |   44.0 |
        Temple |     44 |     44 |      0 |     19 |      0 |   1 |   44.0 |
               +--------+--------+--------+--------+--------+-----+--------+

Top non-repeatable levels by time:
     D:5: 44 daAuts
  Temple: 44 daAuts
